 Dungeon Crawl Stone Soup version 0.26.0-10-g1f06aea511 (webtiles) character file.

Game seed: 11671482525334217157

565 ptdn the Grasshopper (level 7, -1/56 HPs)
             Began as a Gnoll Warper on Jan 13, 2021.
             Was an Initiate of Ashenzari.
             Slain by Sigmund
             ... wielding a +0 scythe
              (3 damage)
             ... on level 3 of the Dungeon.
             The game lasted 00:18:32 (5662 turns).

ptdn the Grasshopper (Gnoll Warper)                 Turns: 5662, Time: 00:18:34

Health: -1/56      AC:  3    Str: 13    XL:     7   Next: 32%
Magic:  4/15       EV: 14    Int: 17    God:    Ashenzari [......]
Gold:   177        SH:  0    Dex: 15    Spells: 4/17 levels left

rFire    . . .     SeeInvis .   m - +0 halberd
rCold    . . .     Faith    .   (shield currently unavailable)
rNeg     . . .     Spirit   .   b - +0 leather armour
rPois    .         Reflect  .   (helmet restricted)
rElec    .         Harm     .   (no cloak)
rCorr    .         Rampage  .   (no gloves)
Will     +....                  (no boots)
Stlth    ++........             (no amulet)
HPRegen  0.18/turn              k - ring of willpower
MPRegen  0.14/turn              (no ring)

@: no status effects
A: distributed training, antennae 1, fangs 1, evolution 1, MP-powered wands,
strong nose
a: Renounce Religion, Curse Item


You were on level 3 of the Dungeon.
You worshipped Ashenzari.
Ashenzari was noncommittal.
You visited 1 branch of the dungeon, and saw 4 of its levels.

You collected 177 gold pieces.

Inventory:

Hand Weapons
 a - a +0 spear
 g - a +0 war axe
 m - a +0 halberd (weapon)
Missiles
 c - 39 poisoned darts
 e - 5 boomerangs of dispersal (quivered)
Armour
 b - a +0 leather armour (worn)
 i - a +0 ring mail
Jewellery
 k - a ring of willpower (left hand)
Wands
 u - a wand of random effects (23)
Scrolls
 d - a scroll of blinking
 h - 7 scrolls of identify {unknown}
 l - 3 scrolls of teleportation {unknown}
 n - a scroll of immolation {unknown}
 p - a scroll of remove curse
 q - 4 scrolls of enchant armour {unknown}
 r - a scroll of magic mapping {unknown}
 t - a scroll of noise {unknown}
Potions
 f - a potion of lignification
 j - 2 potions of flight
 o - a potion of degeneration {unknown}
 s - a potion of cancellation {unknown}
 v - a potion of resistance {unknown}


   Skills:
 + Level 5.2 Fighting
 + Level 2.4 Short Blades
 + Level 2.4 Long Blades
 + Level 2.4 Axes
 + Level 2.4 Maces & Flails
 + Level 5.2 Polearms
 + Level 2.4 Staves
 + Level 2.4 Slings
 + Level 2.4 Bows
 + Level 2.4 Crossbows
 + Level 3.5 Throwing
 + Level 3.5 Armour
 + Level 5.2 Dodging
 + Level 2.4 Stealth
 + Level 2.4 Shields
 + Level 2.4 Unarmed Combat
 + Level 5.6 Spellcasting
 + Level 2.0 Conjurations
 + Level 2.0 Hexes
 + Level 2.0 Summonings
 + Level 2.0 Necromancy
 + Level 5.8 Translocations
 + Level 2.0 Transmutations
 + Level 2.0 Fire Magic
 + Level 2.0 Ice Magic
 + Level 2.0 Air Magic
 + Level 2.0 Earth Magic
 + Level 2.0 Poison Magic
 + Level 2.6 Invocations
 + Level 2.4 Evocations


You had 4 spell levels left.
You knew the following spells:

 Your Spells              Type           Power        Failure   Level
a - Blink                 Tloc           N/A          2%          2
b - Teleport Other        Tloc           24%          4%          3
c - Call Imp              Summ           11%          11%         2
d - Mephitic Cloud        Conj/Pois/Air  11%          22%         3
e - Conjure Flame         Conj/Fire      11%          22%         3

Your spell library contained the following spells:

 Spells                   Type           Power        Failure   Level
 Gell's Gravitas          Tloc           12%          4%          3
 Lesser Beckoning         Tloc           12%          4%          3
 Magic Dart               Conj           44%          8%          1
 Slow                     Hex            11%          11%         2
 Passage of Golubria      Tloc           N/A          16%         4


Dungeon Overview and Level Annotations

Branches:
Dungeon (4/15)
 Temple: D:4-7

Altars:
Ashenzari
Sif Muna
Xom

Annotations:
D:3 Sigmund


Innate Abilities, Weirdness & Mutations

Your experience applies equally to all skills.
You have very sharp teeth.
Your uncanny sense of smell can sniff out nearby items.
You have a pair of small antennae on your head.
You evolve.
You expend magic power (3 MP) to strengthen your wands.


Message History

You blink.
There is an open door here.
Sigmund shouts!
Sigmund hits you with a +0 scythe!
* * * LOW HITPOINT WARNING * * *
There is a stone staircase leading up here.
Sigmund barely misses you.
You climb upwards.
There is a stone staircase leading down here.
Casting: Blink (safe; 2% risk of failure)
Confirm with . or Enter, or press ? or * to list all spells.
You blink.
Casting: Blink (safe; 2% risk of failure)
Confirm with . or Enter, or press ? or * to list all spells.
Aiming: Teleport Other (dangerous; 4% risk of failure)
Press: ? - help, Shift-Dir - straight line, f - Sigmund
Aim: Sigmund, wielding a +0 scythe and wearing a +0 robe (chance to affect: 72%) Sigmund struggles to resist.
Sigmund hits you from afar with a +0 scythe.
You die...

#.#####.# ##.##.# #.# #.#
#..##.# #.### #.# #.###.#
#.#.###.# #.# #.#
#..#.##.# #.# #.#
##)###.#.#####.###.#
#..####............#
...#.............#########
..##.##.#####.@.@........#
...#.#.## #.ยง.########.#
..#<..## #...# #.# ..##.##
##.## ###.### ..##.# #.#
#.....# .(##.# ### #.#
#.....# ..##.####.####.#
#...<.# (.##..)........#
#.>...# (.#####)#)######
#.....#


You could see Sigmund.

Vanquished Creatures
  A phantom (D:4)
  A scorpion (D:4)
  An orc wizard (D:3)
  2 orc priests
  2 worker ants (D:4)
  A hound skeleton (D:2)
  3 adders (D:3)
  7 gnolls (D:4)
  4 adder skeletons (D:4)
  A worm (D:3)
  A dart slug (D:2)
  2 leopard geckos (D:3)
  11 orcs
  8 bats
  5 giant cockroaches
  7 goblins
  5 hobgoblins
  8 jackals
  A quokka (D:4)
  A ball python (D:2)
  3 frilled lizards
  8 kobolds
  6 rats
  A butterfly (D:3)
90 creatures vanquished.

Vanquished Creatures (collateral kills)
  An ice beast (D:4)
  A worker ant (D:4)
  A jackal skeleton (D:4)
3 creatures vanquished.

Grand Total: 93 creatures vanquished

Notes
Turn   | Place    | Note
-------+----------+-------------------------------------------
     0 | D:1      | ptdn the Gnoll Warper began the quest for the Orb.
     0 | D:1      | Reached XP level 1. HP: 20/20 MP: 6/6
    96 | D:1      | Reached XP level 2. HP: 22/26 MP: 7/7
   261 | D:1      | Learned a level 2 spell: Blink
   437 | D:1      | Reached XP level 3. HP: 28/31 MP: 9/9
   576 | D:2      | Reached skill level 5 in Spellcasting
   637 | D:2      | Reached skill level 1 in Invocations
   877 | D:2      | Reached skill level 1 in Short Blades
   877 | D:2      | Reached skill level 1 in Long Blades
   877 | D:2      | Reached skill level 1 in Axes
   877 | D:2      | Reached skill level 1 in Maces & Flails
   877 | D:2      | Reached skill level 1 in Staves
   877 | D:2      | Reached skill level 1 in Slings
   877 | D:2      | Reached skill level 1 in Bows
   877 | D:2      | Reached skill level 1 in Crossbows
   877 | D:2      | Reached skill level 1 in Stealth
   877 | D:2      | Reached skill level 1 in Shields
   877 | D:2      | Reached skill level 1 in Unarmed Combat
   877 | D:2      | Reached skill level 1 in Evocations
  1000 | D:2      | Learned a level 3 spell: Teleport Other
  1241 | D:2      | Reached XP level 4. HP: 38/38 MP: 11/11
  1504 | D:3      | Reached skill level 1 in Conjurations
  1504 | D:3      | Reached skill level 1 in Hexes
  1504 | D:3      | Reached skill level 1 in Summonings
  1504 | D:3      | Reached skill level 1 in Necromancy
  1504 | D:3      | Reached skill level 1 in Transmutations
  1504 | D:3      | Reached skill level 1 in Fire Magic
  1504 | D:3      | Reached skill level 1 in Ice Magic
  1504 | D:3      | Reached skill level 1 in Air Magic
  1504 | D:3      | Reached skill level 1 in Earth Magic
  1504 | D:3      | Reached skill level 1 in Poison Magic
  1675 | D:3      | Reached XP level 5. HP: 26/43 MP: 12/12
  2326 | D:3      | Found a shimmering altar of Xom.
  2425 | D:4      | Noticed an ice beast
  2621 | D:4      | Noticed an ogre
  2666 | D:4      | Noticed Sigmund
  2734 | D:4      | Learned a level 2 spell: Call Imp
  2748 | D:4      | Learned a level 3 spell: Mephitic Cloud
  2752 | D:4      | Learned a level 3 spell: Conjure Flame
  2771 | D:4      | Noticed a phantom
  2812 | D:4      | Killed a phantom
  2813 | D:4      | Reached XP level 6. HP: 22/50 MP: 13/13
  3530 | D:3      | HP: 1/50 [orc wizard/magic dart (6)]
  3545 | D:3      | Reached skill level 5 in Fighting
  3545 | D:3      | Reached skill level 5 in Polearms
  3545 | D:3      | Reached skill level 5 in Dodging
  4775 | D:4      | Found a broken altar of Ashenzari.
  4802 | D:4      | Gained mutation: Potions are less effective at restoring
                  | your health. [potion of mutation]
  4802 | D:4      | Gained mutation: You expend magic power (3 MP) to
                  | strengthen your wands. [potion of mutation]
  4802 | D:4      | Lost mutation: You expend magic power (3 MP) to strengthen
                  | your wands. [potion of mutation]
  4802 | D:4      | Gained mutation: You are somewhat resistant to further
                  | mutation. [potion of mutation]
  4806 | D:4      | Reached XP level 7. HP: 31/56 MP: 13/15
  5063 | D:4      | Lost mutation: Potions are less effective at restoring your
                  | health. [potion of mutation]
  5063 | D:4      | Lost mutation: You are somewhat resistant to further
                  | mutation. [potion of mutation]
  5063 | D:4      | Gained mutation: You have a pair of small antennae on your
                  | head. [potion of mutation]
  5063 | D:4      | Gained mutation: You expend magic power (3 MP) to
                  | strengthen your wands. [potion of mutation]
  5063 | D:4      | Gained mutation: You evolve. [potion of mutation]
  5069 | D:4      | Became a worshipper of Ashenzari the Shackled
  5545 | D:4      | Found a shimmering blue altar of Sif Muna.
  5658 | D:4      | HP: 1/56 [Sigmund/+0 scythe (11)]
  5662 | D:3      | Slain by Sigmund

Illustrated notes

Levels and vault maps discovered:
D:1:      lightli_iron_boxes, layout_rooms, hangedman_decor_riveting
D:2:      layout_rooms, minmay_tiny_reverse_x
D:3:      layout_loops_ring, xom_butterflies
D:4:      cheibrodos_quashed, layout_basic, lemuel_blue_sif_altar,
          evilmike_ruin_ashenzari, serial_shops, shop, uniq_sigmund

Skill      XL: |  1  2  3  4  5  6  7 |
---------------+----------------------+-----
Spellcasting   | 5 |  5.6
Invocations    | 1 2 |  2.6
Short Blades   | 1 2 |  2.4
Long Blades    | 1 2 |  2.4
Axes           | 1 2 |  2.4
Maces & Flails | 1 2 |  2.4
Staves         | 1 2 |  2.4
Slings         | 1 2 |  2.4
Bows           | 1 2 |  2.4
Crossbows      | 1 2 |  2.4
Stealth        | 1 2 |  2.4
Shields        | 1 2 |  2.4
Unarmed Combat | 1 2 |  2.4
Evocations     | 1 2 |  2.4
Conjurations   | 1 2 |  2.0
Hexes          | 1 2 |  2.0
Summonings     | 1 2 |  2.0
Necromancy     | 1 2 |  2.0
Transmutations | 1 2 |  2.0
Fire Magic     | 1 2 |  2.0
Ice Magic      | 1 2 |  2.0
Air Magic      | 1 2 |  2.0
Earth Magic    | 1 2 |  2.0
Poison Magic   | 1 2 |  2.0
Throwing       | 3 |  3.5
Armour         | 3 |  3.5
Fighting       | 5 |  5.2
Polearms       | 5 |  5.2
Dodging        | 5 |  5.2
Translocations | |  5.8

Action                   |  1- 3 |  4- 6 |  7- 9 || total
-------------------------+-------+-------+-------++-------
Melee: Spear             |   141 |   312 |    65 ||   518
       Bite              |    10 |    32 |     4 ||    46
       Punch             |       |     3 |       ||     3
       Halberd           |       |       |     7 ||     7
 Cast: Teleport Other    |     1 |     1 |     1 ||     3
       Call Imp          |       |     2 |     2 ||     4
       Mephitic Cloud    |       |     1 |     3 ||     4
       Blink             |       |       |     3 ||     3
       Conjure Flame     |       |       |     1 ||     1
  Use: Potion            |       |     4 |     1 ||     5
 Stab: Sleeping          |       |     3 |       ||     3
       Confused          |       |     2 |     6 ||     8
       Distracted        |       |     1 |       ||     1
Armor: Leather armour    |    11 |    13 |     3 ||    27
       Ring mail         |    34 |    18 |       ||    52
       Skin              |       |     4 |       ||     4
Dodge: Dodged            |    55 |   123 |    36 ||   214
